Unix NetHack Version 3.7.0-89 Work-in-progress - last build Sep 24 2023 19:26:52 (48e034876007844a536bf88644040a71d2893410,branch:master). Game began 2023-09-29 18:21:56, ended 2023-09-29 18:38:29. ClaireVoyance, lawful female dwarven Valkyrie -------------- ....{........| |.........<..| |............| |............| ---|---------- ###### # # # #@)))l@@#@################################# # # ## -|------- ^ ########..0.....| ### |.......| ---.- |.......| |...| -.......| |...| |.......| |...| --------- |...| ----- ClaireVoyance the Fighter St:15 Dx:14 Co:19 In:8 Wi:8 Ch:9 Lawful Dlvl:10 $:0 HP:0(67) Pw:11(11) AC:6 Xp:6/478 T:3955 Latest messages: The Woodland-elf hits! You hit the Woodland-elf. The Woodland-elf swings her elven bow. The Woodland-elf hits! You hit the Woodland-elf! The Woodland-elf drinks a yellow potion! The Woodland-elf looks better. You hit the Woodland-elf. The Woodland-elf swings her elven bow. The Woodland-elf hits! You hit the Woodland-elf! The Woodland-elf swings her elven bow. The Woodland-elf hits! You hit the Woodland-elf. The Woodland-elf swings her elven bow. The Woodland-elf hits! You miss the Woodland-elf. The Woodland-elf swings her elven bow. The Woodland-elf hits! You kill the Woodland-elf! The Woodland-elf wields an elven bow! The Woodland-elf wields an elven bow! The Woodland-elf shoots 3 elven arrows! You are hit by the 1st elven arrow. You are hit by the 2nd elven arrow! You are hit by the 3rd elven arrow! Valkyrie, your life force is running out. The Woodland-elf shoots 2 elven arrows! The 1st elven arrow misses you. You are almost hit by the 2nd elven arrow. You see here an elven arrow. # You see here an elven arrow. The Woodland-elf shoots 4 elven arrows! It is missed. The leprechaun is hit. The Woodland-elf is hit. It is missed. It is missed. The 3rd elven arrow misses you. The Woodland-elf is hit! The Woodland-elf wields an elven bow! The elven bow welds itself to the Woodland-elf's hand! You see here 2 elven arrows. The Woodland-elf shoots 4 elven arrows! The Woodland-elf is hit. It is missed. It is missed. You are hit by the 2nd elven arrow! You die... Inventory: Amulets ('"') H - a cursed amulet of change e - an uncursed amulet of flying P - a cursed amulet of restful sleep Weapons (')') b - an uncursed +0 dagger (alternate weapon; not wielded) a - an uncursed +1 dwarvish spear (weapon in hand) Armor ('[') q - a cursed -3 helm of caution c - an uncursed +3 small shield (being worn) Comestibles ('%') K - an uncursed partly eaten food ration M - an uncursed fortune cookie h - an uncursed sprig of wolfsbane N - an uncursed lizard corpse Scrolls ('?') G - an uncursed scroll of confuse monster m - an uncursed scroll of create monster R - an uncursed scroll of create monster f - an uncursed scroll of identify i - an uncursed scroll of magic mapping I - an uncursed scroll of magic mapping J - an uncursed scroll of taming Spellbooks ('+') O - an uncursed spellbook of knock Potions ('!') Q - an uncursed potion of monster detection Wands ('/') j - an uncursed wand of striking (0:6) Tools ('(') D - an uncursed bugle C - an uncursed skeleton key g - an uncursed tin whistle x - an uncursed tin whistle t - an uncursed towel Gems/Stones ('*') B - an uncursed amethyst stone A - an uncursed diamond z - an uncursed turquoise stone w - an uncursed worthless piece of blue glass p - 2 cursed worthless pieces of green glass u - an uncursed worthless piece of orange glass s - an uncursed worthless piece of violet glass v - 2 uncursed worthless pieces of yellowish brown glass ClaireVoyance the Valkyrie's attributes: Background: You were a Fighter, a level 6 dwarven Valkyrie. You were lawful, on a mission for Tyr who was opposed by Odin (neutral) and Loki (chaotic). You were in the Dungeons of Doom, on level 10. You entered the dungeon 3955 turns ago. There was a full moon in effect when your adventure ended. You had 478 experience points, 162 more were needed to attain level 7. Basics: You had 0 out of 67 hit points. You had all 11 energy points (spell power). Your armor class was 6. Your wallet was empty. Autopickup was on for '$?!"=/*', with exceptions. Final Characteristics: Your strength was 15 (peak:18, limit:18/100). Your dexterity was 14 (limit:20). Your constitution was 19 (limit:20). Your intelligence was 8 (limit:16). Your wisdom was 8 (peak:9, limit:16). Your charisma was 9 (limit:16). Final Status: You were not hungry. You were unencumbered. You were wielding a spear. You were skilled in spear. Final Attributes: You were piously aligned. You were cold resistant. You were telepathic. You had infravision. You were stealthy. You were lucky. You are dead. Miscellaneous: You disabled loading of bones levels. Total elapsed playing time was 16 minutes and 32 seconds. Major events: Turn 1: ClaireVoyance the lawful dwarven Valkyrie entered the dungeon 287: entered the Gnomish Mines 937: attained the rank of Skirmisher (level 3) 2352: reached Mine Town 3112: attained the rank of Fighter (level 6) 3955: killed by an elven arrow Vanquished creatures: 3 small mimics a leprechaun a lizard a gnome mummy a Woodland-elf an orc shaman a fog cloud a yellow light a kobold mummy 2 elf zombies 2 floating eyes 2 homunculi a kobold leader a rothe an orc zombie a werejackal 3 iguanas an acid blob 2 coyotes a large kobold 3 giant rats a cave spider 3 yellow molds a red mold 5 gnomes 4 garter snakes a gnome zombie a gecko 2 jackals 3 foxes 2 kobolds a goblin 2 sewer rats 3 grid bugs a bat 3 lichens 7 newts 71 creatures vanquished. No species were genocided or became extinct. Voluntary challenges: You read items or engraved 3 times. You never engraved Elbereth. You never genocided any monsters. You never polymorphed an object. You never changed form. You used no wishes. Achievements: You entered the Gnomish Mines. You attained the rank of Skirmisher. You entered Minetown. You entered a temple. You entered a shop. You attained the rank of Fighter. The Dungeons of Doom: levels 1 to 10 Level 1: Many fountains. Level 2: Level 3: Some fountains. Stairs down to The Gnomish Mines. Level 4: Level 5: Level 6: A fountain. Level 7: Level 8: A fountain. Level 9: A fountain. Level 10: <- You were here. A sink. Final resting place for you, killed by an elven arrow. The Gnomish Mines: levels 4 to 6 Level 4: Level 5: Level 6: Many shops, a temple, some fountains. Game over: ---------- / \ / REST \ / IN \ / PEACE \ / \ | ClaireVoyance | | 0 Au | | killed by an | | elven arrow | | | | | | 2023 | *| * * * | * _________)/\\_//(\/(/\)/\//\/|_)_______ Farvel ClaireVoyance the Valkyrie... You died in The Dungeons of Doom on dungeon level 10 with 2362 points, and 0 pieces of gold, after 3955 moves. You were level 6 with a maximum of 67 hit points when you died.